 Dungeon Crawl Stone Soup version bcrawl-1.15.1 (webtiles) character file.

Game seed: 10194129605824032019

1976 Chiseanne the Nimble (level 9, -4/68 HPs)
             Began as a Demonspawn Archaeologist on Sept 26, 2019.
             Was an Initiate of Makhleb.
             Slain by a wight
             ... wielding a +2 halberd of freezing
              (12 damage)
             ... on level 7 of the Dungeon.
             The game lasted 00:12:06 (5520 turns).

Chiseanne the Nimble (Demonspawn Archaeologist)     Turns: 5520, Time: 00:12:06

Health: -4/68      AC: 15    Str: 13    XL:     9   Next: 0%
Magic:  10/10      EV: 16    Int: 15    God:    Makhleb [......]
Gold:   111        SH:  4    Dex: 14    Spells: 8/8 levels left

rFire    . . .     SeeInvis .   a - +2 hand axe (elec)
rCold    . . .     Gourm    .   (no shield)
rNeg     + . .     Faith    .   l - +3 ring mail {rN+}
rPois    .         Spirit   .   t - +1 helmet
rElec    .         Reflect  .   h - +1 cloak
rCorr    .         Harm     .   (no gloves)
MR       .....                  d - +1 pair of boots
Stlth    ++........             (no amulet)
HPRegen  0.21/turn              (no ring)
MPRegen  0.12/turn              (no ring)

@: lightly drained
A: hooves 1, large bone plates 1, powered by pain 2
a: Renounce Religion


You were on level 7 of the Dungeon.
You worshipped Makhleb.
Makhleb was noncommittal.
You were not hungry.

You visited 1 branch of the dungeon, and saw 7 of its levels.

You collected 495 gold pieces.
You spent 384 gold pieces at shops.

Inventory:

Hand Weapons
 a - a +2 hand axe of electrocution (weapon)
Missiles
 b - 643 arrows
 i - 1920 stones (quivered)
 j - 508 bolts
 k - 737 sling bullets
 m - 76 needles of confusion
 n - 573 poisoned needles
 C - 54 tomahawks
Armour
 d - a +1 pair of boots (worn)
 h - a +1 cloak (worn)
 l - a +3 ring mail of positive energy (worn)
 t - a +1 helmet (worn)
Jewellery
 o - an uncursed ring of fire
 y - an uncursed ring of positive energy
 B - an uncursed amulet of faith {unknown}
Scrolls
 c - 3 scrolls of amnesia
 e - a scroll of remove curse
 r - 4 scrolls of teleportation
Potions
 f - 2 potions of might
 p - 2 potions of agility
 q - a potion of resistance
 s - a potion of mutation
 u - 2 potions of curing
 v - a potion of flight
 w - a potion of heal wounds
 x - 4 potions of degeneration {unknown}
 z - 2 potions of magic
 D - 3 potions of lignification
 E - 2 potions of ambrosia
Comestibles
 g - 10 rations {!d}
 A - a chunk of flesh


   Skills:
 * Level 5.6(5.4) Fighting
   Level 0.8(0.7) Maces & Flails
 * Level 4.6(4.5) Armour
 * Level 9.6(9.4) Dodging
 - Level 3.0(2.8) Stealth
 * Level 1.6(1.4) Invocations


You had 8 spell levels left.
You didn't know any spells.
Your spell library contained the following spells:

 Spells                   Type           Power        Failure   Level  Hunger
 Magic Dart               Conj           #...         47%         1    ##.....
 Summon Small Mammal      Summ           #...         47%         1    ##.....
 Call Imp                 Summ           #.......     63%         2    ###....
 Searing Ray              Conj           #.....       63%         2    ###....
 Call Canine Familiar     Summ           #.......     85%         3    ####...
 Iskenderun's Mystic Bla  Conj           #.......     85%         3    ####...
 Fulminant Prism          Conj/Hex       #.........   99%         4    #####..
 Summon Ice Beast         Ice/Summ       #.......     99%         4    #####..
 Irradiate                Conj/Tmut      #.........   100%        5    ######.
 Summon Lightning Spire   Summ/Air       #.......     100%        5    ######.


Dungeon Overview and Level Annotations

Branches:
Dungeon (7/12)             Temple (0/1) D:6
   Lair: D:7-9

Altars:
Cheibriados
Gozag
Hepliaklqana
Makhleb
Okawaru
Qazlal
Vehumet
Zin

Shops:
D:4 !

Annotations:
D:7 1 runed door


Innate Abilities, Weirdness & Mutations

You have large cloven feet.
You are partially covered in large bone plates. (SH +4)
You sometimes gain power by taking damage.


Message History

The orc wizard blinks!
The wight barely misses you.
The orc priest calls down the wrath of Beogh upon you.
Beogh smites you!
The bullfrog hits you but does no damage.
The orc wizard hits you with a +0 dagger.
The wight hits you with a +0 long sword.
The bullfrog hits you!
* * * LOW HITPOINT WARNING * * *
The wight hits you from afar with a +2 halberd of freezing!
* * * LOW HITPOINT WARNING * * *
The wight freezes you.
* * * LOW HITPOINT WARNING * * *
You closely miss the orc priest. You hit the bullfrog.
Lightning courses through the bullfrog! You closely miss the orc wizard.
You hit the wight but do no damage. The bullfrog closely misses you.
The orc wizard barely misses you.
The orc priest hits you but does no damage.
The wight hits you but does no damage.
The wight hits you from afar with a +2 halberd of freezing!
You die...

####################)#
#######.#####
#......)....#
#######.###.#.#.#.####
........##...........###
.#####..###.#.#.#.##....
#..# #....##.######
######z.# #....#### ##
...ozzo@# #....# .
######Fo# ♣.PP.♣ # #..#
♣.P.♣♣ # #..# ♣♣.♣♣ #
#..# ♣.♣♣ # #..# ♣♣.♣ #
#..# ♣.♣♣ ###### #.##
♣♣.♣ #..... #+# ######


You could see a bullfrog, 3 wights, an orc priest and 2 orc wizards.

Vanquished Creatures
  A hungry ghost (D:6)
  An ice beast (D:5)
  A sky beast (D:7)
  A necrophage (D:5)
  4 ogres
  2 centaurs
  A big kobold (D:6)
  2 scorpions
  2 howler monkeys
  A crimson imp (D:4)
  3 hounds
  A bullfrog zombie (D:5)
  2 centaur skeletons
  Terence (D:2)
  2 iguanas (D:7)
  2 orc wizards
  9 worker ants
  A hound zombie (D:5)
  2 hound skeletons
  4 gnolls (D:5)
  6 adders
  A shadow imp (D:5)
  2 worms
  3 adder skeletons
  3 dart slugs
  5 leopard geckos
  20 orcs
  2 ball pythons
  5 giant cockroaches
  5 goblins
  6 hobgoblins
  7 jackals
  2 quokkas
  7 bats
  4 frilled lizards
  10 kobolds
  A leopard gecko skeleton (D:5)
  A quokka skeleton (D:4)
  3 rats
136 creatures vanquished.

Notes
Turn   | Place    | Note
-------+----------+-------------------------------------------
     0 | D:1      | Chiseanne the Demonspawn Archaeologist began the quest for
                  | the Orb.
     0 | D:1      | Reached XP level 1. HP: 15/15 MP: 1/1
    89 | D:1      | Reached skill level 3 in Dodging
    89 | D:1      | Gained mutation: You sometimes gain a little power by
                  | taking damage. [demonic ancestry]
    89 | D:1      | Reached XP level 2. HP: 6/21 MP: 2/2
   686 | D:1      | Found an iron altar of Okawaru.
   938 | D:2      | Gained mutation: You sometimes gain power by taking damage.
                  | [demonic ancestry]
   938 | D:2      | Reached XP level 3. HP: 26/28 MP: 3/3
   988 | D:2      | Reached skill level 4 in Dodging
   988 | D:2      | Reached XP level 4. HP: 11/34 MP: 4/4
  1228 | D:2      | Noticed Terence
  1236 | D:2      | Killed Terence
  1236 | D:2      | Reached skill level 5 in Dodging
  1505 | D:2      | Gained mutation: You are partially covered in large bone
                  | plates. (SH +4) [demonic ancestry]
  1505 | D:2      | Reached XP level 5. HP: 35/39 MP: 5/5
  1840 | D:3      | Reached skill level 6 in Dodging
  2112 | D:3      | Found a stormy altar of Qazlal.
  2350 | D:3      | Reached skill level 7 in Dodging
  2494 | D:3      | Reached XP level 6. HP: 45/45 MP: 6/6
  2631 | D:4      | Found a hazy altar of Hepliaklqana.
  2684 | D:4      | Found the +5 robe of Misfortune {*Contam Harm *Corrode
                  | *Drain *Slow EV+5}
  2863 | D:4      | Found Atil Futo's Distillery.
  2872 | D:4      | Bought a potion of might for 48 gold pieces
  2872 | D:4      | Bought a potion of flight for 36 gold pieces
  2872 | D:4      | Bought a potion of heal wounds for 60 gold pieces
  2872 | D:4      | Bought a potion of agility for 48 gold pieces
  2915 | D:4      | Found a radiant altar of Vehumet.
  2950 | D:4      | Reached skill level 8 in Dodging
  2961 | D:4      | Found a snail-covered altar of Cheibriados.
  3552 | D:5      | Entered Level 5 of the Dungeon
  3581 | D:5      | Reached XP level 7. HP: 51/51 MP: 7/7
  3636 | D:5      | Reached skill level 1 in Armour
  3933 | D:5      | Reached XP level 8. HP: 55/60 MP: 8/8
  4031 | D:5      | Reached skill level 9 in Dodging
  4091 | D:4      | Bought a potion of ambrosia for 96 gold pieces
  4091 | D:4      | Bought a potion of magic for 96 gold pieces
  4199 | D:5      | Found an opulent altar of Gozag.
  4461 | D:6      | Found a staircase to the Ecumenical Temple.
  4639 | D:6      | Reached skill level 5 in Fighting
  5153 | D:7      | Found a burning altar of Makhleb.
  5176 | D:7      | Became a worshipper of Makhleb the Destroyer
  5196 | D:7      | Reached skill level 1 in Invocations
  5437 | D:7      | Gained mutation: You have large cloven feet. [demonic
                  | ancestry]
  5437 | D:7      | Reached XP level 9. HP: 63/68 MP: 10/10
  5460 | D:7      | Found a glowing silver altar of Zin.
  5486 | D:7      | Found a runed door.
  5520 | D:7      | Slain by a wight

Skill      XL: |  1  2  3  4  5  6  7  8 |
---------------+-------------------------+-----
Dodging        | 3 4 5 7 8 9 |  9.6
Fighting       | 2 3 5 |  5.6
Armour         | 2 4 |  4.6
Invocations    | 1 |  1.6
Maces & Flails | |  0.8
Stealth        | |  3.0

Action                   |  1- 3 |  4- 6 |  7- 9 || total
-------------------------+-------+-------+-------++-------
Melee: Whip              |   116 |       |       ||   116
       Hand axe          |    38 |   197 |   207 ||   442
  Use: Scroll            |     3 |     4 |     4 ||    11
       Potion            |       |     2 |       ||     2
 Stab: Sleeping          |     4 |     3 |       ||     7
  Eat: Chunk             |       |     8 |     8 ||    16
       Ration            |       |       |     1 ||     1
Armor: Robe              |    45 |       |       ||    45
       Ring mail         |    25 |    94 |    97 ||   216
       Skin              |       |     1 |       ||     1
Dodge: Dodged            |   136 |   153 |   174 ||   463
Block: Other             |       |    32 |    54 ||    86
